 Dungeon Crawl Stone Soup version 0.18-a0-1797-gc18daef (webtiles) character file.

17282 Mefis the Cleaver (level 12, -11/121 HPs)
             Began as a Minotaur Chaos Knight on Apr 22, 2016.
             Mangled by a crocodile (19 damage)
             ... on level 4 of the Lair of Beasts.
             The game lasted 01:43:41 (11339 turns).

Mefis the Cleaver (Minotaur Chaos Knight)          Turns: 11339, Time: 01:43:41

Health: -11/121    AC:  6    Str: 29    XL:     12   Next: 17%
Magic:  11/11      EV: 15    Int:  7    God:    Xom [*.....]
Gold:   362        SH:  0    Dex: 12    Spells: 4 memorised, 7 levels left

rFire  . . .     SeeInvis .     E - +1 war axe (flame)
rCold  + . .     Gourm    .     (no armour)
rNeg   . . .     Faith    .     (no shield)
rPois  .         Spirit   .     (helmet unavailable)
rElec  .         Dismiss  .     (no cloak)
rCorr  .         Reflect  .     (no gloves)
SustAt .         Harm     .     (no boots)
MR     +....     Clarity  +     (no amulet)
Stlth  ++........ Rnd*Tele +    t - +4 ring of strength
                                J - +5 ring of strength

@: somewhat resistant to hostile enchantments, unstealthy
A: retaliatory headbutt, claws 1, horns 3, iridescent scales 1, yellow scales 1,
clarity, cold resistance 1, dopey 1, magic resistance 1, robust 1, teleportitis
1, evolution 1
a: Renounce Religion


You were on level 4 of the Lair of Beasts.
You worshipped Xom.
You were a special plaything of Xom.
You were not hungry.

You visited 2 branches of the dungeon, and saw 12 of its levels.

You collected 601 gold pieces.
You spent 239 gold pieces at shops.

Inventory:

Hand Weapons
 a - a +0 hand axe of chaos
 e - a +0 blowgun
 C - a +3 dire flail
 E - a +1 war axe of flaming (weapon)
 G - a +2 mace of protection
 X - a +0 arbalest
Missiles
 l - 67 poisoned needles
 y - 8 curare-tipped needles
Armour
 z - a +0 plate armour
 F - a +0 cloak
 H - a +0 large shield
 I - a +0 pair of boots
Magical Staves
 w - an uncursed staff of wizardry
Jewellery
 j - an uncursed ring of fire
 t - a +4 ring of strength (right claw)
 B - an uncursed ring of flight
 J - a +5 ring of strength (left claw)
Wands
 i - a wand of lightning (3/15)
 u - a wand of iceblast (13/15)
 A - a wand of enslavement (8/24)
 P - a wand of flame (32/48)
 T - a wand of iceblast (7/15)
 U - a wand of heal wounds (2/9)
Scrolls
 k - 3 scrolls of magic mapping
 m - 2 scrolls of teleportation
 o - 2 scrolls of random uselessness {unknown}
 v - a scroll of recharging
 x - a scroll of blinking
 D - 2 scrolls of immolation {unknown}
 M - a scroll of fear {unknown}
 W - a scroll of enchant weapon {unknown}
Potions
 b - a potion of heal wounds
 g - a potion of curing
 h - 2 potions of lignification
 n - 2 potions of flight
 q - 4 potions of brilliance (quivered)
 K - a potion of agility
 O - a potion of might {unknown}
 R - a potion of invisibility {unknown}
 S - 3 potions of haste {unknown}
Books
 N - a book of Enchantments

   Spells                             Type                      Level
   a - Cause Fear                     Hexes                        4
   b - Yara's Violent Unravelling     Hexes/Transmutation          5
   c - Silence                        Hexes/Air                    5
   d - Deflect Missiles               Charms/Air                   6
   e - Haste                          Charms                       6
   f - Discord                        Hexes                        8
 V - a book of Cantrips

   Spells                             Type                      Level
   a - Corona                         Hexes                        1
   b - Animate Skeleton               Necromancy                   1
   c - Summon Small Mammal            Summoning                    1
   d - Apportation                    Translocation                1
Miscellaneous
 s - a phantom mirror
Comestibles
 c - 7 bread rations
 d - 25 fruits
 f - a royal jelly
 r - 4 meat rations
 Y - a slice of pizza
 Z - a beef jerky


   Skills:
 + Level 11.0 Fighting
 * Level 14.0(14.3) Axes
 + Level 5.2(10.6) Maces & Flails
 + Level 12.1 Armour
 + Level 6.4 Dodging
 - Level 2.1 Stealth
 + Level 5.6 Shields
 + Level 0.6 Evocations


You had 7 spell levels left.
You knew the following spells:

 Your Spells              Type           Power        Failure   Level  Hunger
a - Corona                Hex            #......      47%         1    ##.....
b - Animate Skeleton      Necr           N/A          47%         1    ##.....
c - Summon Small Mammal   Summ           #...         47%         1    ##.....
d - Apportation           Tloc           #.........   47%         1    ##.....


Dungeon Overview and Level Annotations

Branches:
Dungeon (8/15)             Temple (0/1) D:4            Lair (4/8) D:8
  Swamp: Lair:3-6    Shoals: Lair:3-6     Snake: Lair:3-6    Spider: Lair:3-6

Altars:
Ashenzari
Elyvilon
Fedhas
Gozag
Kikubaaqudgha
Makhleb
Nemelex Xobeh
Okawaru
Qazlal
Sif Muna
Xom
Yredelemnul

Shops:
D:5 *[[   D:6 :*?(!

Annotations:
D:7 Joseph
Lair:1 1 exclusion


Innate Abilities, Weirdness & Mutations

You reflexively headbutt those who attack you in melee.
You have a pair of large horns on your head.
You have sharp fingernails.
You are partially covered in iridescent scales (AC +4).
You are partially covered in yellow scales (AC +2).
You possess an exceptional clarity of mind.
Your flesh is cold resistant.
You are dopey. (Int -2)
You are resistant to hostile enchantments.
You are robust (+10% HP).
You are occasionally teleported next to monsters.
You evolve.


Message History

The fireball engulfs the river rat.
The river rat dies!
The fireball engulfs the river rat.
The river rat dies!
The fireball engulfs the river rat.
The river rat dies!
The fireball engulfs the river rat.
The river rat dies!
You are now a special plaything of Xom.
You hear a howl!
The wolf bites you but does no damage. The wolf closely misses you.
You furiously retaliate!
You headbutt the wolf, but do no damage.
The wolf misses you. The wolf bites you.
* * * LOW HITPOINT WARNING * * *
The crocodile completely misses you. The wolf barely misses you.
You furiously retaliate!
You headbutt the wolf. The wolf barely misses you. The wolf misses you.
The crocodile bites you!!
You die...
Xom chuckles heartily!

#.?. +... ...
#♣... <..♣. ....
..... .. #...
...# h..
#...####.#.##...
#..r#hhF.##....
#††@tF#.#.....
##.†h.♣.....#
#.#...$...#
####..<.###
######


You could see a spiny frog, a crocodile, 3 wolves, a giant frog and a river rat.

Vanquished Creatures
  Snorg (Lair:3)
  Fannar (Lair:3)
  2 hydras
  Pikel (D:6)
  A griffon (Lair:3)
  The ghost of Mefis the Magician, a novice HuWz of Sif Muna (D:6)
  2 black mambas
  A water nymph (Lair:1)
  6 elephants (Lair:2)
  5 spiny frogs
  A komodo dragon (Lair:2)
  A polar bear (Lair:3)
  Grinder (D:5)
  A troll (Lair:2)
  8 blink frogs
  Prince Ribbit (D:6)
  Sigmund (D:6)
  9 yaks
  A wyvern (Lair:3)
  3 hippogriffs
  A basilisk (Lair:1)
  4 water moccasins
  2 porcupines
  2 orc warriors
  2 slaves (D:6)
  3 ice beasts (D:7)
  A phantom (D:6)
  A wolf (Lair:4)
  An ogre (D:4)
  2 centaurs
  6 crocodiles
  A big kobold (D:7)
  10 giant frogs
  A wyvern zombie (D:7)
  2 scorpions
  3 wights (D:7)
  4 howler monkeys
  A giant frog zombie (D:7)
  2 crimson imps
  4 jellies
  3 hounds
  2 orc priests (D:6)
  Crazy Yiuf (D:5)
  3 worker ants
  5 iguanas
  2 orc wizards (D:6)
  8 sheep (Lair:3)
  11 adders
  25 river rats
  An ooze (D:7)
  An adder zombie (D:7)
  2 dart slugs
  4 giant geckos
  14 orcs
  11 bats
  4 giant cockroaches
  2 gnoll zombies (D:6)
  3 goblins
  5 hobgoblins
  7 jackals
  10 kobolds
  2 quokkas
  A ball python (D:2)
  4 giant newts
  22 rats
  A fungus (Lair:1)
  A plant (D:8)
256 creatures vanquished.

Vanquished Creatures (collateral kills)
  2 slaves (D:6)
2 creatures vanquished.

Vanquished Creatures (others)
  6 river rats (Lair:4)
  5 fungi
  2 plants (Lair:1)
13 creatures vanquished.

Grand Total: 271 creatures vanquished

Notes
Turn   | Place    | Note
--------------------------------------------------------------
     0 | D:1      | Mefis the Minotaur Chaos Knight began the quest for the Orb.
     0 | D:1      | Reached XP level 1. HP: 19/19 MP: 0/0
    34 | D:1      | XOM: potion effect (brilliance)
   407 | D:1      | Reached XP level 2. HP: 25/27 MP: 1/1
   483 | D:1      | XOM: mild Summ miscast
   621 | D:1      | XOM: harmless Summ miscast
   749 | D:1      | XOM: enchant monster (good)
   848 | D:1      | You fall through a shaft!
   857 | D:2      | Reached skill level 4 in Axes
   994 | D:2      | XOM: give mutations
   994 | D:2      | Gained mutation: You are resistant to hostile enchantments. [Xom's grace]
   994 | D:2      | Gained mutation: You are robust (+10% HP). [Xom's grace]
   994 | D:2      | Gained mutation: You are very robust (+20% HP). [Xom's grace]
  1304 | D:2      | Reached XP level 3. HP: 39/39 MP: 2/2
  1353 | D:2      | Found a burning altar of Makhleb.
  1762 | D:2      | Found a white marble altar of Elyvilon.
  1763 | D:2      | Found a blossoming altar of Fedhas.
  1888 | D:2      | XOM: colour smoke trail
  1901 | D:2      | Found an ancient bone altar of Kikubaaqudgha.
  1910 | D:2      | Reached XP level 4. HP: 43/49 MP: 3/3
  2069 | D:3      | Found a faded altar to an unknown god.
  2228 | D:3      | XOM: god gift: twisted jewelled staff {god gift}
  2265 | D:3      | XOM: 6-stop teleportation journey
  2310 | D:3      | Reached XP level 5. HP: 54/56 MP: 4/4
  2328 | D:3      | Reached skill level 5 in Axes
  2400 | D:3      | XOM: give mutation
  2400 | D:3      | Gained mutation: You are partially covered in yellow scales (AC +2). [Xom's grace]
  2550 | D:3      | XOM: god gift: scroll labeled LIOGUL FUY
  2652 | D:3      | XOM: vitrification
  2674 | D:3      | Found a deep blue altar of Sif Muna.
  2771 | D:4      | XOM: noise
  3003 | D:4      | Noticed an ogre
  3007 | D:4      | Xom revived you
  3019 | D:4      | Killed an ogre
  3019 | D:4      | Reached skill level 5 in Fighting
  3019 | D:4      | Reached skill level 5 in Armour
  3019 | D:4      | Reached XP level 6. HP: 10/67 MP: 5/5
  3232 | D:4      | XOM: divination: magic mapping
  3438 | D:4      | Found a staircase to the Ecumenical Temple.
  3497 | D:4      | Found an iron altar of Okawaru.
  3510 | D:4      | XOM: scenery: create altars
  3703 | D:5      | Entered Level 5 of the Dungeon
  3789 | D:5      | Noticed Crazy Yiuf
  3795 | D:5      | Killed Crazy Yiuf
  3912 | D:5      | Found a stormy altar of Qazlal.
  3915 | D:5      | Found Cexe's Armour Emporium.
  3923 | D:5      | Bought a +0 buckler for 58 gold pieces
  3952 | D:5      | Found a shattered altar of Ashenzari.
  3955 | D:5      | Found an opulent altar of Gozag.
  3972 | D:5      | Found King's Armour Shoppe.
  3982 | D:5      | Noticed Grinder
  3983 | D:5      | XOM: enchant monster (good)
  3990 | D:5      | Paralysed by Grinder for 6 turns
  3999 | D:5      | Killed Grinder
  3999 | D:5      | Reached skill level 1 in Stealth
  3999 | D:5      | Reached XP level 7. HP: 73/73 MP: 6/6
  4014 | D:5      | Found Taly's Assorted Antiques.
  4045 | D:5      | Bought a metallic amethyst potion for 22 gold pieces
  4045 | D:5      | Bought 2 bubbling green potions for 45 gold pieces
  4045 | D:5      | Bought a murky pink potion for 22 gold pieces
  4069 | D:5      | XOM: vitrification
  4163 | D:5      | Reached skill level 6 in Axes
  4168 | D:5      | Found a sparkling altar of Nemelex Xobeh.
  4468 | D:5      | XOM: give mutations
  4468 | D:5      | Gained mutation: You occasionally shout uncontrollably at your foes. [Xom's mischief]
  4468 | D:5      | Gained mutation: You are weak. (Str -2) [Xom's mischief]
  4468 | D:5      | Lost mutation: You are very robust (+20% HP). [Xom's mischief]
  4468 | D:5      | Gained mutation: Scrolls take you a little longer to read. [Xom's mischief]
  4537 | D:5      | XOM: harmless Chrm miscast
  4671 | D:6      | Noticed Mefis's ghost (novice HuWz)
  4673 | D:6      | XOM: divination: detect items
  4689 | D:6      | XOM: summons 4 friendly demons
  4694 | D:6      | Killed Mefis's ghost
  4694 | D:6      | Reached skill level 7 in Axes
  4694 | D:6      | Reached XP level 8. HP: 55/77 MP: 7/7
  4723 | D:6      | Noticed Prince Ribbit
  4735 | D:6      | Noticed Pikel
  4739 | D:6      | XOM: summons 8 friendly demons
  4742 | D:6      | XOM: scenery: create altars
  4753 | D:6      | Killed Prince Ribbit
  4832 | D:6      | Found Vujytaar's Book Emporium.
  4843 | D:6      | Reached skill level 5 in Dodging
  4885 | D:6      | Noticed Sigmund
  4888 | D:6      | Found Pixodghea's General Store.
  4889 | D:6      | XOM: medium Pois miscast
  4890 | D:6      | Killed Sigmund
  4968 | D:6      | XOM: give mutations
  4968 | D:6      | Lost mutation: You occasionally shout uncontrollably at your foes. [Xom's mischief]
  4968 | D:6      | Lost mutation: You are weak. (Str -2) [Xom's mischief]
  4968 | D:6      | Gained mutation: Your flesh is cold resistant. [Xom's mischief]
  4990 | D:6      | Bought a potion of mutation for 32 gold pieces
  4990 | D:6      | Gained mutation: You are weak. (Str -2) [potion of mutation]
  4990 | D:6      | Gained mutation: You have sharp fingernails. [potion of mutation]
  5065 | D:6      | Found Patrepn's Antique Weapon Emporium.
  5081 | D:6      | Found Xusapi's Distillery.
  5101 | D:6      | Bought a potion of mutation for 30 gold pieces
  5101 | D:6      | Bought a potion of mutation for 30 gold pieces
  5101 | D:6      | Gained mutation: You evolve. [potion of mutation]
  5101 | D:6      | Gained mutation: You have very sharp fingernails. [potion of mutation]
  5102 | D:6      | Gained mutation: You have a pair of large horns on your head. [potion of mutation]
  5124 | D:6      | Found Jahomn's Magic Scroll Emporium.
  5222 | D:6      | Killed Pikel
  5222 | D:6      | Reached skill level 8 in Axes
  5222 | D:6      | Reached XP level 9. HP: 68/86 MP: 8/8
  5302 | D:6      | XOM: colour smoke trail
  5328 | D:6      | Found a basalt altar of Yredelemnul.
  5539 | D:5      | Found a shimmering altar of Xom.
  5543 | D:5      | XOM: harmless Chrm miscast
  5561 | D:6      | Gained mutation: You are partially covered in iridescent scales (AC +4). [potion of mutation]
  5561 | D:6      | Lost mutation: You are weak. (Str -2) [potion of mutation]
  5630 | D:7      | XOM: scenery: create altars
  5641 | D:7      | Reached skill level 9 in Axes
  5800 | D:7      | Reached skill level 1 in Shields
  6134 | D:7      | Noticed Joseph
  6141 | D:7      | XOM: 2-stop teleportation journey
  6279 | D:7      | XOM: colour smoke trail
  6715 | D:8      | Reached skill level 1 in Maces & Flails
  6833 | D:8      | Found a staircase to the Lair.
  6841 | D:8      | Reached skill level 10 in Axes
  6863 | D:8      | XOM: summons 4 hostile demons
  6887 | D:8      | XOM: confusion
  6975 | Lair:1   | Entered Level 1 of the Lair of Beasts
  6977 | Lair:1   | Noticed a spiny frog
  6978 | Lair:1   | XOM: blink monster(s)
  6990 | D:8      | XOM: confusion
  6997 | D:8      | XOM: scenery: 1 doors close
  7005 | D:8      | Killed a spiny frog
  7252 | Lair:1   | Reached XP level 10. HP: 95/99 MP: 9/9
  7491 | Lair:1   | Noticed a four-headed hydra
  7492 | Lair:1   | XOM: smoke on damage
  7613 | Lair:1   | XOM: scenery: create altars
  7627 | Lair:1   | Reached skill level 10 in Armour
  7916 | Lair:1   | Noticed a spiny frog
  7923 | Lair:1   | Killed a spiny frog
  7943 | Lair:1   | XOM: give mutation
  7943 | Lair:1   | Gained mutation: You are occasionally teleported next to monsters. [Xom's mischief]
  8136 | Lair:1   | Noticed a spiny frog
  8137 | Lair:1   | XOM: summons friendly crimson imp
  8142 | Lair:1   | XOM: harmless Divn miscast
  8147 | Lair:1   | Killed a spiny frog
  8147 | Lair:1   | Reached skill level 5 in Maces & Flails
  8154 | Lair:1   | Noticed Nergalle
  8178 | Lair:1   | Noticed Nergalle
  8178 | Lair:1   | Nergalle changed into Nergalle the water nymph
  8178 | Lair:1   | XOM: polymorph Nergalle -> Nergalle the water nymph
  8180 | Lair:1   | Killed Nergalle the water nymph
  8265 | Lair:1   | XOM: god gift: slice of pizza
  8274 | Lair:1   | XOM: enchant monster (good)
  8340 | Lair:1   | Noticed a spiny frog
  8347 | Lair:1   | XOM: harmless Fire miscast
  8349 | Lair:1   | Killed a spiny frog
  8349 | Lair:1   | Reached skill level 11 in Axes
  8427 | Lair:1   | Killed a one-headed hydra
  8543 | Lair:1   | Reached XP level 11. HP: 102/108 MP: 10/10
  8556 | Lair:1   | XOM: enchant monster (bad)
  8615 | Lair:1   | Learned a level 1 spell: Corona
  8617 | Lair:1   | Learned a level 1 spell: Animate Skeleton
  8619 | Lair:1   | Learned a level 1 spell: Summon Small Mammal
  8621 | Lair:1   | Learned a level 1 spell: Apportation
  8918 | Lair:1   | XOM: mild Erth miscast
  8960 | Lair:1   | XOM: draining
  9263 | Lair:2   | XOM: harmless Air miscast
  9345 | Lair:2   | Reached skill level 10 in Fighting
  9382 | Lair:2   | Noticed a six-headed hydra
  9391 | Lair:2   | Killed a three-headed hydra
  9391 | Lair:2   | Reached skill level 12 in Axes
  9430 | Lair:2   | Noticed Sonja
  9430 | Lair:2   | XOM: medium Pois miscast
  9439 | Lair:2   | XOM: potion effect (heal wounds)
  9442 | Lair:2   | XOM: potion effect (heal wounds)
  9817 | Lair:2   | XOM: divination: detect creatures
  9959 | Lair:2   | XOM: confuse monster(s)
  9970 | Lair:2   | XOM: confuse monster(s)
  9989 | Lair:2   | Reached skill level 13 in Axes
 10311 | Lair:2   | XOM: enchant monster (bad)
 10316 | Lair:2   | Noticed Sonja
 10316 | Lair:2   | Sonja changed into Sonja the troll
 10316 | Lair:2   | XOM: polymorph Sonja -> Sonja the troll
 10319 | Lair:2   | Killed Sonja the troll
 10335 | Lair:2   | XOM: harmless Trmt miscast
 10337 | Lair:2   | Gained mutation: You possess an exceptional clarity of mind. [evolution]
 10386 | Lair:2   | XOM: give mutations
 10386 | Lair:2   | Lost mutation: Scrolls take you a little longer to read. [Xom's mischief]
 10386 | Lair:2   | Gained mutation: You are dopey. (Int -2) [Xom's mischief]
 10386 | Lair:2   | Lost mutation: You have very sharp fingernails. [Xom's mischief]
 10424 | Lair:2   | XOM: medium Erth miscast
 10594 | Lair:2   | XOM: summons 5 hostile shadow creatures
 10746 | Lair:3   | Noticed Snorg
 10762 | Lair:3   | Killed Snorg
 11002 | Lair:3   | XOM: polymorph giant frog -> wyvern
 11033 | Lair:3   | XOM: confuse monster(s)
 11037 | Lair:3   | Reached skill level 5 in Shields
 11042 | Lair:3   | Noticed a griffon
 11042 | Lair:3   | XOM: fake destruction
 11059 | Lair:3   | Killed a griffon
 11059 | Lair:3   | Reached XP level 12. HP: 107/118 MP: 11/11
 11130 | Lair:3   | Noticed Fannar
 11133 | Lair:3   | XOM: cast spell 'Chain of Chaos'
 11136 | Lair:3   | Killed Fannar
 11177 | Lair:3   | Reached skill level 14 in Axes
 11224 | Lair:3   | Upgraded the game from 0.18-a0-1789-gbeff17f to 0.18-a0-1797-gc18daef
 11338 | Lair:4   | XOM: destruction
 11339 | Lair:4   | Mangled by a crocodile

Vault maps used:
D:1:      dpeg_arrival_orchard, item_on_display_b
D:2:      overflow_temple_1_default, gammafunk_temple_overflow_pools,
          makhleb_blood_cavern_becter
D:3:      ecumenical_altar_1, led_sif_book
D:4:      lemuel_round_altar, minmay_temple_entry_crystal_x, first_bread,
          guppyfry_early_lair_pool
D:5:      nicolae_overflow_hidden_temple, basic_altar, serial_shops,
          nicolae_shop_statue_plus, kennysheep_mini, shop,
          nicolae_qazlal_general_emergency, uniq_crazy_yiuf_cottage,
          uniq_grinder
D:6:      lemuel_zombie_altar_yredelemnul, serial_shops, shop, shop, shop_coins,
          shop, nicolae_shop_waterfront, uniq_pikel, uniq_prince_ribbit1,
          uniq_sigmund
D:7:      lemuel_upstairs_altar, minivault_19, uniq_joseph
D:8:      grunt_lair_entry_orc_guard_hut
Lair:1:   guppyfry_lair_drakes, uniq_nergalle
Lair:2:   uniq_sonja
Lair:3:   lemuel_fruit_tree, uniq_fannar, uniq_snorg
Lair:4:   shoals_dummy_entry, grunt_megastairs_5

Skill      XL: |  1  2  3  4  5  6  7  8  9 10 11 12 |
---------------+-------------------------------------+-----
Axes           | 4 5 7 8 10 11 13 14 | 14.0
Fighting       | 4 5 6 7 8 9 10 11 | 11.0
Armour         | 3 4 5 6 8 9 11 12 | 12.1
Dodging        | 2 3 4 5 6 |  6.4
Stealth        | 1 2 |  2.1
Shields        | 1 2 5 |  5.6
Maces & Flails | 3 5 |  5.2
Evocations     | |  0.6

Action                   |  1- 3 |  4- 6 |  7- 9 | 10-12 || total
-------------------------+-------+-------+-------+-------++-------
Melee: Hand axe          |    50 |    74 |       |       ||   124
       Headbutt          |     7 |    19 |    52 |    89 ||   167
       War axe           |       |    16 |   158 |   318 ||   492
       Dire flail        |       |       |   134 |    25 ||   159
Evoke: Wand              |       |     2 |       |       ||     2
  Use: Scroll            |       |     7 |     3 |     4 ||    14
       Potion            |       |       |    16 |     2 ||    18
 Stab: Paralysed         |       |     2 |       |     3 ||     5
       Distracted        |       |       |     1 |       ||     1
       Confused          |       |       |       |     2 ||     2
  Eat: Chunk             |     2 |     6 |     9 |     6 ||    23
       Fruit             |       |     1 |     3 |     2 ||     6
       Meat ration       |       |       |       |     1 ||     1
Armor: Scale mail        |    22 |    45 |       |       ||    67
       Leather armour    |     2 |       |       |       ||     2
       Plate armour      |       |       |   324 |   266 ||   590
       Skin              |       |       |     2 |    10 ||    12
Dodge: Dodged            |    26 |    60 |   169 |   187 ||   442
Block: Buckler           |       |       |    22 |    25 ||    47
       Large shield      |       |       |       |   210 ||   210
